Ducks vs Thrashers

Created - December 10 2007 at 17:53

Goals
1 2 3 T
Ducks 0 0 1 1
Thrashers 4 0 3 7
Shots
1 2 3 T
Ducks 5 10 6 21
Thrashers 17 10 16 43

Period #1

1. Thrashers , Brendan Shanahan 9 (Mike Van Ryn, Simon Gagne) at 6:39 (PP)
2. Thrashers , Andy Sutton 2 (Patrick Marleau, Dany Heatley) at 10:29
3. Thrashers , Dany Heatley 26 (Patrick Marleau, Dan Boyle) at 17:28 (PP)
4. Thrashers , Dany Heatley 27 (Patrick Marleau, Justin Williams) at 19:06

Penalties :
Ben Guite (ANA) for Elbowing (Minor) at 5:36, Ben Guite (ANA) for Holding (Minor) at 17:12, Paul Stastny (ANA) for Holding (Minor) at 19:23

Period #2

No Goal

Penalties :
Brett Clark (ATL) for High sticking (Minor) at 5:56, Patrick Marleau (ATL) for Roughing (Minor) at 6:26, Dustin Penner (ATL) for Roughing (Minor) at 11:28, Tuomo Ruutu (ANA) for Interference (Minor) at 11:28, Stephen Weiss (ATL) for Elbowing (Minor) at 17:37

Period #3

5. Thrashers , Simon Gagne 19 (Brendan Shanahan, Mike Van Ryn) at 0:53 (PP)
6. Ducks , Andrew Brunette 11 (Ben Guite, Scott Niedermayer) at 4:10
7. Thrashers , Dany Heatley 28 (Mike Van Ryn) at 5:44
8. Thrashers , Simon Gagne 20 (Brett Clark) at 12:37

Penalties :
Bryan Allen (ANA) for Tripping (Minor) at 0:09, Justin Williams (ATL) for Tripping (Minor) at 4:35, Francois Beauchemin (ANA) for Cross-checking (Minor) at 4:35, Tuomo Ruutu (ANA) for Tripping (Minor) at 8:50, Mike Komisarek (ATL) for Hooking (Minor) at 18:15

Goalie Stats

Jean-Sebastien Giguere (ANA), 36 saves from 43 shots - (0.837), L, 19-13-2, 60:00 minutes
Henrik Lundqvist (ATL), 20 saves from 21 shots - (0.952), W, 26-6-3, 60:00 minutes

Players Stats

Ducks
Player Name              G  A  P  +/- PIM S  H  SB FO MP 
-----------------------------------------------------------
Andrew Brunette          1  0  1   0  0   3  1  0  1  18 
Ben Guite                0  1  1   0  4   0  1  0  1  13 
Bryan Allen              0  0  0  -1  2   0  2  4  0  22 
Chris Pronger            0  0  0   0  0   0  0  0  0  24 
Daniel Sedin             0  0  0  -1  0   6  0  0  0  20 
Dean Mcammond            0  0  0   0  0   0  0  0  0  7  
Francois Beauchemin      0  0  0  -1  2   0  2  2  0  23 
Hal Gill                 0  0  0  -2  0   2  2  2  0  16 
Henrik Sedin             0  0  0  -1  0   1  1  0  31 21 
Manny Malhotra           0  0  0   0  0   0  1  0  19 13 
Marek Malik              0  0  0  -2  0   1  1  2  0  17 
Mike Fisher              0  0  0   0  0   1  2  0  2  19 
Mike Sillinger           0  0  0  -2  0   1  3  0  0  18 
Paul Stastny             0  0  0   0  2   0  0  0  18 15 
Richard Park             0  0  0  -2  0   1  3  1  2  18 
Scott Niedermayer        0  1  1   0  0   3  0  2  0  23 
Todd Marchant            0  0  0  -2  0   2  4  0  22 18 
Tuomo Ruutu              0  0  0   0  4   0  2  0  1  4  
Thrashers
Player Name              G  A  P  +/- PIM S  H  SB FO MP 
-----------------------------------------------------------
Andy Sutton              1  0  1   1  0   1  0  1  0  7  
Brendan Shanahan         1  1  2  -1  0   6  1  0  5  22 
Brett Clark              0  1  1   0  2   0  2  0  0  22 
Dan Boyle                0  1  1   1  0   2  1  2  0  17 
Dany Heatley             3  1  4   3  0   8  1  0  2  20 
David Backes             0  0  0   1  0   1  3  0  3  19 
Dustin Penner            0  0  0   0  2   4  0  0  0  18 
Greg De Vries            0  0  0   0  0   1  0  0  0  20 
Jay Mcclement            0  0  0   0  0   1  0  0  34 22 
Jeff Cowan               0  0  0   0  0   0  0  0  0  0  
Justin Williams          0  1  1   2  2   0  1  1  1  12 
Kyle Calder              0  0  0   1  0   2  1  0  0  9  
Mike Komisarek           0  0  0   0  2   1  0  2  0  20 
Mike Van Ryn             0  3  3   3  0   1  0  1  0  22 
Patrick Marleau          0  3  3   2  2   4  1  0  24 21 
Radek Martinek           0  0  0   1  0   1  1  2  0  18 
Simon Gagne              2  1  3   0  0   7  1  0  2  18 
Stephen Weiss            0  0  0   0  2   3  1  0  26 18 

3 Stars

1 - Dany Heatley (ATL)
2 - Simon Gagne (ATL)
3 - Mike Van Ryn (ATL)

Power Play

Ducks - 0 on 4 Attempt(s) - 0.00%
Thrashers - 3 on 5 Attempt(s) - 60.00%

Penalty Kill

Ducks - 2 on 5 Attempt(s) - 40.00% - Score 0 goal in Penalty Kill
Thrashers - 4 on 4 Attempt(s) - 100.00% - Score 0 goal in Penalty Kill

Game Notes

Dany Heatley has scored a Hat Trick!
Marek Malik is injured at 6:10 of 3rd period (Head)

Finance

Level 1 -- Attendance: 5414 (90.23%) -- Ticket Income $406,050.00
Level 2 -- Attendance: 5000 (100.00%) -- Ticket Income $250,000.00
Level 3 -- Attendance: 2545 (100.00%) -- Ticket Income $76,350.00
Level 4 -- Attendance: 4000 (100.00%) -- Ticket Income $80,000.00
Luxury Box -- Attendance: 1000 (100.00%) -- Ticket Income $150,000.00
Game was played at the Philips Arena
Total Attendance: 17959 (96.84%)
Total Ticket Income: $975,979.30
Other Income: $157,295.40
Total Income: $1,133,274.00


Play by Play

Period #1

0:01 of 1st period - Henrik Sedin wins face-off versus Patrick Marleau in neutral zone.
0:14 of 1st period - Shot by Mike Fisher.
0:14 of 1st period - Shot Misses the Net.
0:18 of 1st period - Shot by Mike Fisher.
0:18 of 1st period - Stopped by Henrik Lundqvist with a rebound.
0:20 of 1st period - Shot by Chris Pronger.
0:20 of 1st period - Shot Blocked by Mike Van Ryn.
0:38 of 1st period - Shot by Henrik Sedin.
0:38 of 1st period - Shot Misses the Net.
0:42 of 1st period - Shot by Henrik Sedin.
0:42 of 1st period - Shot Misses the Net.
1:06 of 1st period - Shot by Paul Stastny.
1:06 of 1st period - Shot Blocked by Dan Boyle.
1:28 of 1st period - Shot by Paul Stastny.
1:28 of 1st period - Shot Misses the Net.
1:30 of 1st period - Shot by Ben Guite.
1:30 of 1st period - Shot Misses the Net.
1:32 of 1st period - Shot by Francois Beauchemin.
1:32 of 1st period - Shot Blocked by Justin Williams.
1:39 of 1st period - Icing by Dan Boyle.
1:40 of 1st period - Todd Marchant wins face-off versus Patrick Marleau in Thrashers zone.
1:41 of 1st period - Shot by Mike Sillinger.
1:41 of 1st period - Shot Misses the Net.
1:43 of 1st period - Shot by Mike Sillinger.
1:43 of 1st period - Shot Misses the Net.
1:47 of 1st period - Shot by Mike Sillinger.
1:47 of 1st period - Shot Blocked by Dan Boyle.
1:49 of 1st period - Shot by Todd Marchant.
1:49 of 1st period - Stopped by Henrik Lundqvist without a rebound.
1:50 of 1st period - Stephen Weiss wins face-off versus Todd Marchant in Thrashers zone.
1:50 of 1st period - Stephen Weiss is hit by Richard Park.
1:53 of 1st period - Simon Gagne is hit by Mike Sillinger and loses puck.
2:07 of 1st period - Brendan Shanahan is hit by Hal Gill and loses puck.
2:13 of 1st period - Brendan Shanahan is hit by Todd Marchant and loses puck.
2:20 of 1st period - Shot by Stephen Weiss.
2:20 of 1st period - Stopped by Jean-Sebastien Giguere without a rebound.
2:21 of 1st period - Henrik Sedin wins face-off versus Jay Mcclement in Ducks zone.
2:23 of 1st period - Icing by Mike Fisher.
2:24 of 1st period - Jay Mcclement wins face-off versus Henrik Sedin in Ducks zone.
2:27 of 1st period - Shot by Dustin Penner.
2:27 of 1st period - Stopped by Jean-Sebastien Giguere without a rebound.
2:28 of 1st period - Jay Mcclement wins face-off versus Henrik Sedin in Ducks zone.
2:43 of 1st period - Shot by Dustin Penner.
2:43 of 1st period - Shot Misses the Net.
3:00 of 1st period - Icing by Greg De Vries.
3:01 of 1st period - David Backes wins face-off versus Paul Stastny in Thrashers zone.
3:43 of 1st period - Icing by Mike Komisarek.
3:44 of 1st period - Stephen Weiss wins face-off versus Todd Marchant in Thrashers zone.
4:26 of 1st period - Icing by Brett Clark.
4:27 of 1st period - Simon Gagne wins face-off versus Henrik Sedin in Thrashers zone.
4:53 of 1st period - Shot by Mike Fisher.
4:53 of 1st period - Shot Misses the Net.
5:07 of 1st period - Shot by Patrick Marleau.
5:07 of 1st period - Shot Misses the Net.
5:09 of 1st period - Shot by Mike Van Ryn.
5:09 of 1st period - Shot Misses the Net.
5:21 of 1st period - Shot by Dany Heatley.
5:21 of 1st period - Stopped by Jean-Sebastien Giguere without a rebound.
5:22 of 1st period - Jay Mcclement wins face-off versus Paul Stastny in Ducks zone.
5:36 of 1st period - Minor Penalty to Ben Guite for Elbowing.
5:37 of 1st period - Todd Marchant wins face-off versus David Backes in Ducks zone.
5:58 of 1st period - Richard Park is hit by Dan Boyle and loses puck.
6:39 of 1st period - Shot by Brendan Shanahan.
6:39 of 1st period - Goal by Brendan Shanahan - Ducks : 0 - Thrashers : 1.
6:40 of 1st period - Jay Mcclement wins face-off versus Todd Marchant in neutral zone.
6:40 of 1st period - David Backes is hit by Todd Marchant and loses puck.
7:04 of 1st period - Shot by Dustin Penner.
7:04 of 1st period - Stopped by Jean-Sebastien Giguere without a rebound.
7:05 of 1st period - Patrick Marleau wins face-off versus Paul Stastny in Ducks zone.
7:10 of 1st period - Shot by Dany Heatley.
7:10 of 1st period - Stopped by Jean-Sebastien Giguere without a rebound.
7:11 of 1st period - Stephen Weiss wins face-off versus Paul Stastny in Ducks zone.
7:12 of 1st period - Shot by Simon Gagne.
7:12 of 1st period - Stopped by Jean-Sebastien Giguere without a rebound.
7:13 of 1st period - Patrick Marleau wins face-off versus Paul Stastny in Ducks zone.
7:14 of 1st period - Shot by Dany Heatley.
7:14 of 1st period - Shot Misses the Net.
7:16 of 1st period - Shot by Dany Heatley.
7:16 of 1st period - Deflect By Patrick Marleau.
7:16 of 1st period - Stopped by Jean-Sebastien Giguere without a rebound.
7:17 of 1st period - Brendan Shanahan wins face-off versus Manny Malhotra in Ducks zone.
7:18 of 1st period - Shot by Stephen Weiss.
7:18 of 1st period - Shot Blocked by Francois Beauchemin.
7:30 of 1st period - Shot by Simon Gagne.
7:30 of 1st period - Stopped by Jean-Sebastien Giguere without a rebound.
7:31 of 1st period - Henrik Sedin wins face-off versus Patrick Marleau in Ducks zone.
7:46 of 1st period - Shot by Daniel Sedin.
7:46 of 1st period - Stopped by Henrik Lundqvist without a rebound.
7:47 of 1st period - Paul Stastny wins face-off versus Jay Mcclement in Thrashers zone.
8:11 of 1st period - Icing by Paul Stastny.
8:12 of 1st period - Stephen Weiss wins face-off versus Paul Stastny in Ducks zone.
8:33 of 1st period - Shot by Paul Stastny.
8:33 of 1st period - Shot Blocked by Mike Komisarek.
9:02 of 1st period - Off-side.
9:03 of 1st period - Todd Marchant wins face-off versus Patrick Marleau in neutral zone.
9:27 of 1st period - Off-side.
9:28 of 1st period - Jay Mcclement wins face-off versus Henrik Sedin in neutral zone.
9:33 of 1st period - Shot by Dustin Penner.
9:33 of 1st period - Shot Misses the Net.
9:50 of 1st period - Shot by Dustin Penner.
9:50 of 1st period - Stopped by Jean-Sebastien Giguere without a rebound.
9:51 of 1st period - Todd Marchant wins face-off versus Patrick Marleau in Ducks zone.
10:23 of 1st period - Shot by Patrick Marleau.
10:23 of 1st period - Shot Misses the Net.
10:27 of 1st period - Shot by Patrick Marleau.
10:27 of 1st period - Shot Blocked by Hal Gill.
10:29 of 1st period - Shot by Andy Sutton.
10:29 of 1st period - Goal by Andy Sutton - Ducks : 0 - Thrashers : 2.
10:30 of 1st period - Henrik Sedin wins face-off versus Stephen Weiss in neutral zone.
10:30 of 1st period - Chris Pronger is hit by Stephen Weiss and loses puck.
10:42 of 1st period - Brendan Shanahan is hit by Bryan Allen and loses puck.
11:01 of 1st period - Shot by Stephen Weiss.
11:01 of 1st period - Stopped by Jean-Sebastien Giguere without a rebound.
11:02 of 1st period - Ben Guite wins face-off versus Jay Mcclement in Ducks zone.
11:33 of 1st period - Shot by Paul Stastny.
11:33 of 1st period - Deflect By Andrew Brunette.
11:33 of 1st period - Shot Misses the Net.
11:54 of 1st period - Icing by Francois Beauchemin.
11:55 of 1st period - Patrick Marleau wins face-off versus Paul Stastny in Ducks zone.
11:59 of 1st period - Icing by Andrew Brunette.
12:00 of 1st period - Paul Stastny wins face-off versus Stephen Weiss in Ducks zone.
12:12 of 1st period - Icing by Mike Komisarek.
12:13 of 1st period - Stephen Weiss wins face-off versus Henrik Sedin in Thrashers zone.
12:52 of 1st period - Shot by Daniel Sedin.
12:52 of 1st period - Shot Misses the Net.
13:46 of 1st period - Hal Gill is hit by Dany Heatley and loses puck.
15:00 of 1st period - Shot by Brendan Shanahan.
15:00 of 1st period - Stopped by Jean-Sebastien Giguere without a rebound.
15:01 of 1st period - Henrik Sedin wins face-off versus Dany Heatley in Ducks zone.
15:08 of 1st period - Dany Heatley is hit by Mike Fisher and loses puck.
15:56 of 1st period - Shot by Hal Gill.
15:56 of 1st period - Stopped by Henrik Lundqvist without a rebound.
15:57 of 1st period - Stephen Weiss wins face-off versus Manny Malhotra in Thrashers zone.
16:14 of 1st period - Icing by Francois Beauchemin.
16:15 of 1st period - Tuomo Ruutu wins face-off versus Jay Mcclement in Ducks zone.
16:21 of 1st period - Off-side.
16:22 of 1st period - Jay Mcclement wins face-off versus Todd Marchant in neutral zone.
16:35 of 1st period - Shot by Dustin Penner.
16:35 of 1st period - Shot Misses the Net.
16:43 of 1st period - Shot by Dustin Penner.
16:43 of 1st period - Stopped by Jean-Sebastien Giguere without a rebound.
16:44 of 1st period - Paul Stastny wins face-off versus Stephen Weiss in Ducks zone.
17:12 of 1st period - Minor Penalty to Ben Guite for Holding.
17:13 of 1st period - Manny Malhotra wins face-off versus Patrick Marleau in neutral zone.
17:26 of 1st period - Shot by Dany Heatley.
17:26 of 1st period - Deflect By Patrick Marleau.
17:26 of 1st period - Shot Misses the Net.
17:28 of 1st period - Shot by Dany Heatley.
17:28 of 1st period - Goal by Dany Heatley - Ducks : 0 - Thrashers : 3.
17:29 of 1st period - Henrik Sedin wins face-off versus Jay Mcclement in neutral zone.
17:58 of 1st period - Shot by Mike Fisher.
17:58 of 1st period - Deflect By Daniel Sedin.
17:58 of 1st period - Shot Blocked by Radek Martinek.
18:51 of 1st period - Daniel Sedin is hit by Justin Williams and loses puck.
19:02 of 1st period - Shot by Justin Williams.
19:02 of 1st period - Shot Misses the Net.
19:06 of 1st period - Shot by Patrick Marleau.
19:06 of 1st period - Deflect By Dany Heatley.
19:06 of 1st period - Goal by Dany Heatley - Ducks : 0 - Thrashers : 4.
19:07 of 1st period - Todd Marchant wins face-off versus Stephen Weiss in neutral zone.
19:12 of 1st period - Shot by Mike Sillinger.
19:12 of 1st period - Stopped by Henrik Lundqvist without a rebound.
19:13 of 1st period - Paul Stastny wins face-off versus Stephen Weiss in Thrashers zone.
19:23 of 1st period - Minor Penalty to Paul Stastny for Holding.
19:24 of 1st period - Jay Mcclement wins face-off versus Todd Marchant in Thrashers zone.
19:36 of 1st period - Shot by Brendan Shanahan.
19:36 of 1st period - Stopped by Jean-Sebastien Giguere without a rebound.
19:37 of 1st period - Manny Malhotra wins face-off versus Patrick Marleau in Ducks zone.
19:37 of 1st period - Manny Malhotra is hit by Brendan Shanahan.

Period #2

0:01 of 2nd period - Todd Marchant wins face-off versus Patrick Marleau in neutral zone.
0:21 of 2nd period - Todd Marchant is hit by David Backes and loses puck.
1:46 of 2nd period - Shot by Dustin Penner.
1:46 of 2nd period - Deflect By Jay Mcclement.
1:46 of 2nd period - Stopped by Jean-Sebastien Giguere with a rebound.
1:48 of 2nd period - Shot by Brendan Shanahan.
1:48 of 2nd period - Stopped by Jean-Sebastien Giguere without a rebound.
1:49 of 2nd period - Richard Park wins face-off versus Patrick Marleau in Ducks zone.
3:47 of 2nd period - Greg De Vries is hit by Ben Guite and loses puck.
4:33 of 2nd period - David Backes is hit by Marek Malik and loses puck.
4:54 of 2nd period - Shot by Todd Marchant.
4:54 of 2nd period - Stopped by Henrik Lundqvist without a rebound.
4:55 of 2nd period - Brendan Shanahan wins face-off versus Henrik Sedin in Thrashers zone.
4:55 of 2nd period - Brendan Shanahan is hit by Henrik Sedin.
5:08 of 2nd period - Brett Clark is hit by Bryan Allen and loses puck.
5:51 of 2nd period - Shot by Tuomo Ruutu.
5:51 of 2nd period - Shot Misses the Net.
5:56 of 2nd period - Minor Penalty to Brett Clark for High sticking.
5:57 of 2nd period - Andrew Brunette wins face-off versus Jay Mcclement in Thrashers zone.
6:26 of 2nd period - Minor Penalty to Patrick Marleau for Roughing.
6:27 of 2nd period - Henrik Sedin wins face-off versus Justin Williams in Thrashers zone.
6:28 of 2nd period - Shot by Scott Niedermayer.
6:28 of 2nd period - Shot Blocked by Andy Sutton.
6:30 of 2nd period - Shot by Marek Malik.
6:30 of 2nd period - Shot Misses the Net.
6:32 of 2nd period - Shot by Marek Malik.
6:32 of 2nd period - Stopped by Henrik Lundqvist without a rebound.
6:33 of 2nd period - Henrik Sedin wins face-off versus Jay Mcclement in Thrashers zone.
6:34 of 2nd period - Shot by Scott Niedermayer.
6:34 of 2nd period - Stopped by Henrik Lundqvist without a rebound.
6:35 of 2nd period - Jay Mcclement wins face-off versus Mike Fisher in Thrashers zone.
6:43 of 2nd period - Off-side.
6:44 of 2nd period - Henrik Sedin wins face-off versus Jay Mcclement in neutral zone.
6:51 of 2nd period - Shot by Scott Niedermayer.
6:51 of 2nd period - Shot Misses the Net.
6:55 of 2nd period - Shot by Daniel Sedin.
6:55 of 2nd period - Stopped by Henrik Lundqvist without a rebound.
6:56 of 2nd period - Stephen Weiss wins face-off versus Manny Malhotra in Thrashers zone.
7:05 of 2nd period - Shot by Scott Niedermayer.
7:05 of 2nd period - Shot Blocked by Mike Komisarek.
8:06 of 2nd period - Icing by Marek Malik.
8:07 of 2nd period - Henrik Sedin wins face-off versus Stephen Weiss in Ducks zone.
8:07 of 2nd period - Henrik Sedin is hit by Kyle Calder.
8:18 of 2nd period - Icing by Henrik Sedin.
8:19 of 2nd period - Henrik Sedin wins face-off versus Stephen Weiss in Ducks zone.
8:50 of 2nd period - Shot by Dany Heatley.
8:50 of 2nd period - Shot Misses the Net.
8:55 of 2nd period - Off-side.
8:56 of 2nd period - Paul Stastny wins face-off versus Jay Mcclement in neutral zone.
9:26 of 2nd period - Shot by Jay Mcclement.
9:26 of 2nd period - Shot Blocked by Scott Niedermayer.
9:28 of 2nd period - Shot by Radek Martinek.
9:28 of 2nd period - Stopped by Jean-Sebastien Giguere without a rebound.
9:29 of 2nd period - Stephen Weiss wins face-off versus Henrik Sedin in Ducks zone.
10:36 of 2nd period - Icing by Mike Van Ryn.
10:37 of 2nd period - Paul Stastny wins face-off versus Patrick Marleau in Thrashers zone.
11:00 of 2nd period - Shot by Dany Heatley.
11:00 of 2nd period - Shot Misses the Net.
11:04 of 2nd period - Shot by Patrick Marleau.
11:04 of 2nd period - Shot Misses the Net.
11:06 of 2nd period - Shot by Mike Van Ryn.
11:06 of 2nd period - Stopped by Jean-Sebastien Giguere without a rebound.
11:07 of 2nd period - Todd Marchant wins face-off versus Jay Mcclement in Ducks zone.
11:09 of 2nd period - Icing by Richard Park.
11:10 of 2nd period - Todd Marchant wins face-off versus Jay Mcclement in Ducks zone.
11:10 of 2nd period - Todd Marchant is hit by David Backes.
11:21 of 2nd period - Icing by Radek Martinek.
11:22 of 2nd period - Jay Mcclement wins face-off versus Manny Malhotra in Thrashers zone.
11:22 of 2nd period - Radek Martinek is hit by Tuomo Ruutu and loses puck.
11:28 of 2nd period - Minor Penalty to Dustin Penner for Roughing.
11:28 of 2nd period - Minor Penalty to Tuomo Ruutu for Interference.
11:29 of 2nd period - Manny Malhotra wins face-off versus Jay Mcclement in Ducks zone.
11:41 of 2nd period - Icing by Dan Boyle.
11:42 of 2nd period - Henrik Sedin wins face-off versus Jay Mcclement in Thrashers zone.
12:02 of 2nd period - Off-side.
12:03 of 2nd period - Stephen Weiss wins face-off versus Manny Malhotra in neutral zone.
12:18 of 2nd period - Shot by Stephen Weiss.
12:18 of 2nd period - Stopped by Jean-Sebastien Giguere without a rebound.
12:19 of 2nd period - Henrik Sedin wins face-off versus Stephen Weiss in Ducks zone.
12:19 of 2nd period - Henrik Sedin is hit by Brett Clark.
12:29 of 2nd period - Shot by Daniel Sedin.
12:29 of 2nd period - Stopped by Henrik Lundqvist with a rebound.
12:52 of 2nd period - Shot by Daniel Sedin.
12:52 of 2nd period - Stopped by Henrik Lundqvist without a rebound.
12:53 of 2nd period - Jay Mcclement wins face-off versus Manny Malhotra in Thrashers zone.
13:48 of 2nd period - Shot by Kyle Calder.
13:48 of 2nd period - Stopped by Jean-Sebastien Giguere without a rebound.
13:49 of 2nd period - Stephen Weiss wins face-off versus Henrik Sedin in Ducks zone.
14:08 of 2nd period - Shot by Simon Gagne.
14:08 of 2nd period - Shot Misses the Net.
14:10 of 2nd period - Shot by Mike Komisarek.
14:10 of 2nd period - Stopped by Jean-Sebastien Giguere with a rebound.
14:12 of 2nd period - Shot by Brendan Shanahan.
14:12 of 2nd period - Stopped by Jean-Sebastien Giguere without a rebound.
14:13 of 2nd period - Jay Mcclement wins face-off versus Todd Marchant in Ducks zone.
14:24 of 2nd period - Shot by Richard Park.
14:24 of 2nd period - Deflect By Todd Marchant.
14:24 of 2nd period - Shot Blocked by Radek Martinek.
14:48 of 2nd period - Shot by Richard Park.
14:48 of 2nd period - Stopped by Henrik Lundqvist with a rebound.
14:50 of 2nd period - Shot by Hal Gill.
14:50 of 2nd period - Stopped by Henrik Lundqvist without a rebound.
14:51 of 2nd period - Paul Stastny wins face-off versus Patrick Marleau in Thrashers zone.
14:52 of 2nd period - Shot by Scott Niedermayer.
14:52 of 2nd period - Stopped by Henrik Lundqvist without a rebound.
14:53 of 2nd period - Patrick Marleau wins face-off versus Paul Stastny in Thrashers zone.
14:53 of 2nd period - Patrick Marleau is hit by Andrew Brunette.
15:01 of 2nd period - Shot by Patrick Marleau.
15:01 of 2nd period - Stopped by Jean-Sebastien Giguere without a rebound.
15:02 of 2nd period - Stephen Weiss wins face-off versus Henrik Sedin in Ducks zone.
16:13 of 2nd period - Shot by Andrew Brunette.
16:13 of 2nd period - Shot Misses the Net.
17:34 of 2nd period - Shot by David Backes.
17:34 of 2nd period - Stopped by Jean-Sebastien Giguere without a rebound.
17:35 of 2nd period - Manny Malhotra wins face-off versus Simon Gagne in Ducks zone.
17:37 of 2nd period - Minor Penalty to Stephen Weiss for Elbowing.
17:38 of 2nd period - Henrik Sedin wins face-off versus Brendan Shanahan in neutral zone.
18:07 of 2nd period - Radek Martinek is hit by Francois Beauchemin and loses puck.
18:54 of 2nd period - Shot by Mike Sillinger.
18:54 of 2nd period - Shot Misses the Net.
19:32 of 2nd period - Shot by Daniel Sedin.
19:32 of 2nd period - Stopped by Henrik Lundqvist without a rebound.
19:33 of 2nd period - Manny Malhotra wins face-off versus Patrick Marleau in Thrashers zone.
19:49 of 2nd period - Dany Heatley is hit by Todd Marchant and loses puck.

Period #3

0:01 of 3rd period - Patrick Marleau wins face-off versus Henrik Sedin in neutral zone.
0:05 of 3rd period - Dan Boyle is hit by Mike Fisher and loses puck.
0:09 of 3rd period - Minor Penalty to Bryan Allen for Tripping.
0:10 of 3rd period - Brendan Shanahan wins face-off versus Todd Marchant in Ducks zone.
0:51 of 3rd period - Shot by Mike Van Ryn.
0:51 of 3rd period - Deflect By Simon Gagne.
0:51 of 3rd period - Shot Misses the Net.
0:53 of 3rd period - Shot by Brendan Shanahan.
0:53 of 3rd period - Deflect By Simon Gagne.
0:53 of 3rd period - Goal by Simon Gagne - Ducks : 0 - Thrashers : 5.
0:54 of 3rd period - Jay Mcclement wins face-off versus Henrik Sedin in neutral zone.
1:05 of 3rd period - Shot by Daniel Sedin.
1:05 of 3rd period - Stopped by Henrik Lundqvist without a rebound.
1:06 of 3rd period - Patrick Marleau wins face-off versus Paul Stastny in Thrashers zone.
1:14 of 3rd period - Dan Boyle is hit by Francois Beauchemin and loses puck.
2:06 of 3rd period - Icing by Marek Malik.
2:07 of 3rd period - Stephen Weiss wins face-off versus Richard Park in Ducks zone.
2:07 of 3rd period - Simon Gagne is hit by Todd Marchant and loses puck.
2:53 of 3rd period - Icing by Simon Gagne.
2:54 of 3rd period - Henrik Sedin wins face-off versus Stephen Weiss in Thrashers zone.
3:58 of 3rd period - Shot by Andrew Brunette.
3:58 of 3rd period - Shot Misses the Net.
4:00 of 3rd period - Shot by Ben Guite.
4:00 of 3rd period - Shot Misses the Net.
4:02 of 3rd period - Shot by Scott Niedermayer.
4:02 of 3rd period - Stopped by Henrik Lundqvist with a rebound.
4:04 of 3rd period - Shot by Andrew Brunette.
4:04 of 3rd period - Shot Hit the Post.
4:08 of 3rd period - Shot by Ben Guite.
4:08 of 3rd period - Shot Misses the Net.
4:10 of 3rd period - Shot by Andrew Brunette.
4:10 of 3rd period - Goal by Andrew Brunette - Ducks : 1 - Thrashers : 5.
4:11 of 3rd period - Jay Mcclement wins face-off versus Todd Marchant in neutral zone.
4:32 of 3rd period - Shot by Dustin Penner.
4:32 of 3rd period - Shot Misses the Net.
4:34 of 3rd period - Shot by Greg De Vries.
4:34 of 3rd period - Stopped by Jean-Sebastien Giguere without a rebound.
4:35 of 3rd period - Patrick Marleau wins face-off versus Manny Malhotra in Ducks zone.
4:35 of 3rd period - Minor Penalty to Justin Williams for Tripping.
4:35 of 3rd period - Minor Penalty to Francois Beauchemin for Cross-checking.
4:36 of 3rd period - Jay Mcclement wins face-off versus Manny Malhotra in Ducks zone.
5:00 of 3rd period - Manny Malhotra is hit by Patrick Marleau and loses puck.
5:40 of 3rd period - Shot by Dany Heatley.
5:40 of 3rd period - Shot Blocked by Bryan Allen.
5:44 of 3rd period - Shot by Dany Heatley.
5:44 of 3rd period - Goal by Dany Heatley - Ducks : 1 - Thrashers : 6.
5:45 of 3rd period - Dany Heatley wins face-off versus Henrik Sedin in neutral zone.
5:48 of 3rd period - Shot by Patrick Marleau.
5:48 of 3rd period - Stopped by Jean-Sebastien Giguere with a rebound.
5:52 of 3rd period - Shot by Dany Heatley.
5:52 of 3rd period - Stopped by Jean-Sebastien Giguere with a rebound.
5:56 of 3rd period - Shot by Mike Van Ryn.
5:56 of 3rd period - Shot Misses the Net.
6:00 of 3rd period - Shot by Dany Heatley.
6:00 of 3rd period - Shot Misses the Net.
6:04 of 3rd period - Shot by Dany Heatley.
6:04 of 3rd period - Shot Blocked by Scott Niedermayer.
6:08 of 3rd period - Shot by Mike Van Ryn.
6:08 of 3rd period - Shot Blocked by Marek Malik.
6:10 of 3rd period - Shot by Dany Heatley.
6:10 of 3rd period - Shot Blocked by Marek Malik.
6:10 of 3rd period - Marek Malik from Ducks is injured at 6:10 of 3rd period (Head).
6:11 of 3rd period - Manny Malhotra wins face-off versus Jay Mcclement in Ducks zone.
6:25 of 3rd period - Shot by Brendan Shanahan.
6:25 of 3rd period - Shot Blocked by Bryan Allen.
6:29 of 3rd period - Shot by Dan Boyle.
6:29 of 3rd period - Stopped by Jean-Sebastien Giguere with a rebound.
6:31 of 3rd period - Shot by Dan Boyle.
6:31 of 3rd period - Stopped by Jean-Sebastien Giguere without a rebound.
6:32 of 3rd period - Henrik Sedin wins face-off versus Stephen Weiss in Ducks zone.
7:11 of 3rd period - Icing by Hal Gill.
7:12 of 3rd period - Todd Marchant wins face-off versus Stephen Weiss in Ducks zone.
7:31 of 3rd period - Shot by Simon Gagne.
7:31 of 3rd period - Shot Blocked by Francois Beauchemin.
7:33 of 3rd period - Shot by Brendan Shanahan.
7:33 of 3rd period - Deflect By Simon Gagne.
7:33 of 3rd period - Stopped by Jean-Sebastien Giguere with a rebound.
7:35 of 3rd period - Shot by Brett Clark.
7:35 of 3rd period - Shot Blocked by Hal Gill.
7:37 of 3rd period - Shot by Brett Clark.
7:37 of 3rd period - Shot Blocked by Richard Park.
7:39 of 3rd period - Shot by Brendan Shanahan.
7:39 of 3rd period - Shot Misses the Net.
7:41 of 3rd period - Shot by Brendan Shanahan.
7:41 of 3rd period - Stopped by Jean-Sebastien Giguere without a rebound.
7:42 of 3rd period - Henrik Sedin wins face-off versus Jay Mcclement in Ducks zone.
8:41 of 3rd period - Shot by Andrew Brunette.
8:41 of 3rd period - Stopped by Henrik Lundqvist without a rebound.
8:42 of 3rd period - Patrick Marleau wins face-off versus Manny Malhotra in Thrashers zone.
8:50 of 3rd period - Minor Penalty to Tuomo Ruutu for Tripping.
8:51 of 3rd period - Patrick Marleau wins face-off versus Todd Marchant in Ducks zone.
8:56 of 3rd period - Shot by Dan Boyle.
8:56 of 3rd period - Shot Misses the Net.
9:20 of 3rd period - Shot by Dany Heatley.
9:20 of 3rd period - Stopped by Jean-Sebastien Giguere without a rebound.
9:21 of 3rd period - Todd Marchant wins face-off versus Brendan Shanahan in Ducks zone.
9:21 of 3rd period - Todd Marchant is hit by Simon Gagne.
10:26 of 3rd period - Shot by Patrick Marleau.
10:26 of 3rd period - Shot Blocked by Bryan Allen.
11:18 of 3rd period - Greg De Vries is hit by Tuomo Ruutu and loses puck.
11:42 of 3rd period - Icing by Mike Van Ryn.
11:43 of 3rd period - Patrick Marleau wins face-off versus Todd Marchant in Thrashers zone.
11:43 of 3rd period - Patrick Marleau is hit by Hal Gill.
11:53 of 3rd period - Shot by Patrick Marleau.
11:53 of 3rd period - Shot Misses the Net.
12:01 of 3rd period - Shot by Kyle Calder.
12:01 of 3rd period - Shot Misses the Net.
12:33 of 3rd period - Shot by Simon Gagne.
12:33 of 3rd period - Shot Misses the Net.
12:37 of 3rd period - Shot by Simon Gagne.
12:37 of 3rd period - Goal by Simon Gagne - Ducks : 1 - Thrashers : 7.
12:38 of 3rd period - David Backes wins face-off versus Henrik Sedin in neutral zone.
12:44 of 3rd period - Icing by Bryan Allen.
12:45 of 3rd period - Jay Mcclement wins face-off versus Henrik Sedin in Ducks zone.
13:04 of 3rd period - Henrik Sedin is hit by Radek Martinek and loses puck.
13:28 of 3rd period - Icing by Radek Martinek.
13:29 of 3rd period - Paul Stastny wins face-off versus Jay Mcclement in Thrashers zone.
13:38 of 3rd period - Shot by Andrew Brunette.
13:38 of 3rd period - Stopped by Henrik Lundqvist without a rebound.
13:39 of 3rd period - Stephen Weiss wins face-off versus Manny Malhotra in Thrashers zone.
14:38 of 3rd period - Icing by Bryan Allen.
14:39 of 3rd period - Patrick Marleau wins face-off versus Todd Marchant in Ducks zone.
14:51 of 3rd period - Dany Heatley is hit by Richard Park and loses puck.
15:02 of 3rd period - Shot by Kyle Calder.
15:02 of 3rd period - Stopped by Jean-Sebastien Giguere with a rebound.
15:05 of 3rd period - Dany Heatley is hit by Mike Sillinger.
15:08 of 3rd period - Patrick Marleau is hit by Mike Sillinger and loses puck.
15:15 of 3rd period - Shot by Patrick Marleau.
15:15 of 3rd period - Stopped by Jean-Sebastien Giguere with a rebound.
15:19 of 3rd period - Shot by Patrick Marleau.
15:19 of 3rd period - Shot Misses the Net.
15:21 of 3rd period - Shot by Dany Heatley.
15:21 of 3rd period - Stopped by Jean-Sebastien Giguere without a rebound.
15:22 of 3rd period - Paul Stastny wins face-off versus Jay Mcclement in Ducks zone.
15:39 of 3rd period - Paul Stastny is hit by David Backes and loses puck.
16:20 of 3rd period - Shot by Simon Gagne.
16:20 of 3rd period - Stopped by Jean-Sebastien Giguere without a rebound.
16:21 of 3rd period - Patrick Marleau wins face-off versus Manny Malhotra in Ducks zone.
16:34 of 3rd period - Shot by Patrick Marleau.
16:34 of 3rd period - Shot Blocked by Bryan Allen.
16:36 of 3rd period - Shot by Dany Heatley.
16:36 of 3rd period - Shot Hit the Post.
16:57 of 3rd period - Icing by Bryan Allen.
16:58 of 3rd period - Stephen Weiss wins face-off versus Manny Malhotra in Ducks zone.
16:59 of 3rd period - Shot by Simon Gagne.
16:59 of 3rd period - Stopped by Jean-Sebastien Giguere with a rebound.
17:20 of 3rd period - Simon Gagne is hit by Richard Park.
17:23 of 3rd period - Off-side.
17:24 of 3rd period - Todd Marchant wins face-off versus Jay Mcclement in neutral zone.
17:34 of 3rd period - Shot by Radek Martinek.
17:34 of 3rd period - Shot Misses the Net.
18:15 of 3rd period - Minor Penalty to Mike Komisarek for Hooking.
18:16 of 3rd period - Stephen Weiss wins face-off versus Manny Malhotra in Thrashers zone.
18:16 of 3rd period - Stephen Weiss is hit by Manny Malhotra.
18:36 of 3rd period - Shot by Henrik Sedin.
18:36 of 3rd period - Stopped by Henrik Lundqvist without a rebound.
18:37 of 3rd period - Mike Fisher wins face-off versus Jay Mcclement in Thrashers zone.
19:14 of 3rd period - Daniel Sedin is hit by Brett Clark and loses puck.


Output by the SimonT Hockey Simulator (STHS) for Stephane Roy -- Original Page W3C XHTML 1.0 Valid